 Dungeon Crawl Stone Soup version 0.28.0-45-g0d030f2227 (console) character file.

Game seed: 396474060263242416

3569 Faeu the Fighter (level 9, -2/112 HPs)
             Began as a Minotaur Fighter on Apr 19, 2022.
             Was a Follower of Hepliaklqana.
             Slain by a killer bee (7 damage)
             ... on level 9 of the Dungeon.
             The game lasted 00:40:36 (9538 turns).

Faeu the Fighter (Minotaur Fighter)                 Turns: 9538, Time: 00:40:36

Health: -2/112     AC: 24    Str: 24    XL:     9   Next: 84%
Magic:  8/8        EV:  2    Int:  5    God:    Hepliaklqana [*.....]
Gold:   396        SH:  0    Dex: 11    Spells: 8/8 levels left

rFire   . . .      SeeInvis .   Q - +4 great sword {long}
rCold   . . .      Faith    .   (shield currently unavailable)
rNeg    . . .      Spirit   .   (armour currently unavailable)
rPois   +          Reflect  .   (helmet currently unavailable)
rElec   .          Harm     .   (cloak currently unavailable)
rCorr   .          Rampage  .   (gloves currently unavailable)
Will    .....      NoTele   +   (boots currently unavailable)
Stlth   +.........              (no amulet)
HPRegen 0.28/turn               U - ring of flight
MPRegen 0.11/turn               N - +4 ring of slaying

@: tree-form
A: stationary, stasis, torment immunity, boosted hp, reduced essence, (horns 2),
(retaliatory headbutt)
a: Renounce Religion, Recall Ancestor, Ancestor Identity


You were on level 9 of the Dungeon.
You worshipped Hepliaklqana.
Hepliaklqana was aware of your devotion.
You were a tree.
You visited 3 branches of the dungeon, and saw 11 of its levels.
You also visited: Sewer.

You collected 396 gold pieces.


Innate Abilities, Weirdness & Mutations

You are a tree.
Your roots penetrate the ground, keeping you stationary.
You cannot be teleported.
You are immune to unholy pain and torment.
Your maximum health is greatly increased.
Your equipment is partially melded.
Your life essence is reduced to manifest your ancestor. (-10% HP)
((You have a pair of horns on your head.))
((You reflexively headbutt those who attack you in melee.))


   Skills:
 + Level 9.5 Fighting
 + Level 9.0 Long Blades
 + Level 9.5 Armour
 - Level 2.5 Dodging
 - Level 7.9 Shields


You had 8 spell levels left.
You didn't know any spells.
Your spell library contained the following spells:

 Spells                   Type           Power      Damage    Failure   Level
 Apportation              Tloc           0%         N/A       47%         1
 Foxfire                  Conj/Fire      0%         2x1d4     47%         1
 Static Discharge         Conj/Air       0%         N/A       63%         2
 Call Canine Familiar     Summ           0%         N/A       85%         3
 Conjure Flame            Conj/Fire      0%         6-21      85%         3
 Inner Flame              Hex/Fire       0%         N/A       85%         3
 Portal Projectile        Hex/Tloc       0%         N/A       85%         3
 Flame Wave               Conj/Fire      0%         2d4       99%         4
 Leda's Liquefaction      Hex/Erth       0%         N/A       99%         4
 Lightning Bolt           Conj/Air       0%         1d11      100%        5
 Starburst                Conj/Fire      0%         6d3       100%        6
 Maxwell's Capacitive Co  Air            0%         ∞         100%        8
 Fire Storm               Conj/Fire      0%         5d1       100%        9

Inventory:

Hand Weapons
 a - a +0 long sword {long}
 o - a +1 dagger of venom {short}
   (You found it on level 3 of the Dungeon)
 p - the +2 dagger of Patifan {vorpal, rF- Dex+7, short}
   (You found it on level 3 of the Dungeon)

   It inflicts extra damage upon your enemies.
   Dex:       It affects your dexterity (+7).
   rF:        It makes you vulnerable to fire.
 I - a +1 trident of flaming {polearm}
   (You took it off a gnoll sergeant on level 6 of the Dungeon)
 P - a +4 battleaxe of freezing {axe}
   (You took it off a wight on level 7 of the Dungeon)
 Q - a +4 great sword (weapon) {long}
   (You took it off a wight on level 7 of the Dungeon)
 R - a +3 morningstar {mace}
   (You took it off a wight on level 9 of the Dungeon)
 S - a +1 short sword {short}
   (You took it off an orc on level 7 of the Dungeon)
 V - a +3 war axe {axe}
   (You took it off a wight on level 9 of the Dungeon)
 W - a +2 short sword of freezing {short}
   (You took it off a wight on level 9 of the Dungeon)
 Y - a +2 falchion {long}
   (You took it off a wight on level 9 of the Dungeon)
Missiles
 q - 4 datura-tipped darts {throwing}
 t - 13 poisoned darts (quivered) {throwing}
 E - 2 curare-tipped darts {=fthrowing}
 X - 3 javelins {throwing}
Armour
 c - a +0 buckler
 n - a +0 pair of gloves (melded)
   (You found it on level 2 of the Dungeon)
 r - the +1 ring mail "Maymidwi" {Harm rF+ Str+3}
   (You found it on level 3 of the Dungeon)

   Str:       It affects your strength (+3).
   rF:        It protects you from fire.
   Harm:      It increases damage dealt and taken.
 F - a +0 pair of boots (melded)
   (You found it on level 7 of the Dungeon)
 H - a +2 scale mail of cold resistance
   (You found it on level 7 of the Dungeon)
 J - +0 acid dragon scales
   (You took it off Maggie on level 7 of the Dungeon)
 O - a +0 chain mail (melded)
   (You took it off an orc warrior on level 7 of the Dungeon)
Jewellery
 y - a ring of protection from cold
   (You found it on level 5 of the Dungeon)
 B - a ring of fire
   (You found it on level 6 of the Dungeon)
 N - a +4 ring of slaying (right branch)
   (You took it off an orc warrior on level 7 of the Dungeon)
 U - a ring of flight (left branch)
   (You found it on level 8 of the Dungeon)
Wands
 z - a wand of paralysis (10)
   (You found it on level 6 of the Dungeon)
 D - a wand of iceblast (13)
   (You found it on level 6 of the Dungeon)
 K - a wand of digging (3)
   (You found it on level 9 of the Dungeon)
 M - a wand of flame (12)
   (You found it on level 7 of the Dungeon)
Scrolls
 h - 5 scrolls of identify {@r1}
 i - 4 scrolls of enchant weapon
 j - 3 scrolls of teleportation {@r4}
 k - 2 scrolls of torment {!r}
 l - 2 scrolls of fear {unknown}
 s - 2 scrolls of blinking {unknown}
 w - 2 scrolls of noise {unknown}
 C - 2 scrolls of fog {unknown}
 L - a scroll of brand weapon {unknown}
 T - a scroll of amnesia {unknown}
 Z - a scroll of magic mapping {unknown}
Potions
 b - a potion of lignification {!q}
 d - 2 potions of might
 e - a potion of mutation {unknown}
 f - a potion of cancellation {unknown}
 g - a potion of curing {unknown}
 m - a potion of haste {unknown}
 u - 2 potions of heal wounds {unknown}
 v - a potion of berserk rage {unknown}
 x - a potion of brilliance {unknown}
 A - a potion of attraction {unknown}
 G - a potion of resistance {unknown}

Dungeon Overview and Level Annotations

Branches:
Dungeon (9/15)             Temple (1/1) D:5            Lair (1/6) D:9
  Sewer (visited)
    Orc: D:9-12

Altars:
Cheibriados
Elyvilon
Fedhas
Gozag
Hepliaklqana
Kikubaaqudgha
Makhleb
Nemelex Xobeh
Okawaru
Qazlal
Trog
Uskayaw
Vehumet
Yredelemnul
Zin

Annotations:
D:8 Gastronok

##### ### ###
#####...####.################..
#.............................#
##.#.#####.##.##################
#...#######[### #.......# #[#
#####
#...###.###.####..)#############
####.##.##.###y#>...............
##.#.#.#.y.#♣....<.##########
#######..[##..###..#............#
.yy..y.y..yy.## ##..............#
########.#....###..###.########.#
#..(.....#.#.#.#.#.# #.# #.#
#.########.#.##.#..# #.# #.#
#.#.##.#.## #.# #.# #.#.##R#.#
#.# #.# #.#.##.#.# #.########.#
#.#.##...# #.##....)._.
#....###.####.##.#####.#


You could see a killer bee.


Message History

😮 HP[-1]
You take 1 damage, and now have 52/75 hp.
You feel sick.
Something stings Hori.
The killer bee stings Hori.
Something stings Hori.
Hori completely misses the killer bee.
The killer bee misses Hori. 😮 HP[-2]
You take 2 damage, and now have 50/75 hp.
You feel sick.
Something stings Hori!
Hori is destroyed! 😮 HP[-1]
You take 1 damage, and now have 49/75 hp.
You miss the killer bee.
You feel sick. The killer bee stings you.
The killer bee stings you but does no damage. 😮 HP[-3]
You take 3 damage, and now have 46/75 hp.
You barely miss the killer bee. Your headbutt misses the killer bee.
You feel sick. The killer bee stings you.
The killer bee stings you but does no damage.
The killer bee barely misses you. You furiously retaliate!
You headbutt the killer bee. 😮 HP[-6]
You take 6 damage, and now have 40/75 hp.
You slash the killer bee!
You feel sick.
You are no longer poisoned.
The killer bee stings you but does no damage.
The killer bee closely misses you. 😮 HP[-1]
You take 1 damage, and now have 39/75 hp.
You barely miss the killer bee. The killer bee stings you.
* * * LOW HITPOINT WARNING * * *
The killer bee stings you but does no damage.
The killer bee stings you.
* * * LOW HITPOINT WARNING * * *
😨 HP[-11]
You take 11 damage, and now have 28/75 hp.
The killer bee stings you!
* * * LOW HITPOINT WARNING * * *
😨 HP[-6]
You take 6 damage, and now have 22/75 hp.
The killer bee stings you but does no damage.
The killer bee stings you.
* * * LOW HITPOINT WARNING * * *
You are poisoned.
The killer bee poisons you! 😨 HP[-2]
You take 2 damage, and now have 20/75 hp.
You feel sick.
The killer bee barely misses you. 😱 HP[-2]
You take 2 damage, and now have 18/75 hp.
As you read the scroll of teleportation {@r4}, it crumbles to dust.
You feel strangely unstable.
You feel sick. The killer bee closely misses you. The killer bee stings you!
* * * LOW HITPOINT WARNING * * *
You are more poisoned.
The killer bee poisons you! 😱 HP[-8]
You take 8 damage, and now have 10/75 hp.
* * * LOW HITPOINT WARNING * * *
You feel sick.
The killer bee stings you but does no damage. 😱 HP[-1]
You take 1 damage, and now have 9/75 hp.
* * * LOW HITPOINT WARNING * * *
You feel sick.
The killer bee stings you but does no damage. 😱 HP[-2]
You take 2 damage, and now have 7/75 hp.
You feel sick.
The killer bee barely misses you. 😱 HP[-1]
You take 1 damage, and now have 6/75 hp.
Your surroundings seem slightly different.
You feel sick. 😱 HP[-1]
You take 1 damage, and now have 5/75 hp.
You feel sick.
You feel sick. 😱 HP[-1]
You take 1 damage, and now have 4/75 hp.
You feel sick. 😱 HP[-1]
You take 1 damage, and now have 3/75 hp.
You feel sick.
You are no longer poisoned. 😱 HP[-1]
You take 1 damage, and now have 2/75 hp.
You see here a +0 robe.
Okay, then.
Okay, then.
Unknown command.
It was a potion of lignification.
You turn into a tree.
Your +0 pair of gloves melds into your body.
Your +0 pair of boots melds into your body.
Your +0 chain mail melds into your body.
Your roots penetrate the ground.
The killer bee stings you but does no damage. x2 😱 HP[+2]
You now have 112 max hp (+37).
You regained 2 hp, and now have 4/112 hp.
You cannot move.
You miss the killer bee.
The killer bee stings you but does no damage.
The killer bee stings you!
You die...

Skill      XL: |  1  2  3  4  5  6  7  8  9 |
---------------+----------------------------+-----
Dodging        | 1 2 |  2.5
Fighting       | 4 5 6 7 9 |  9.5
Armour         | 4 5 6 7 9 |  9.5
Shields        | 4 5 6 7 |  7.9
Long Blades    | 3 4 5 7 9 |  9.0

Action                   |  1- 3 |  4- 6 |  7- 9 || total
-------------------------+-------+-------+-------++-------
Melee: Long sword        |    61 |       |       ||    61
       Headbutt          |    13 |    32 |    65 ||   110
       Dagger            |    14 |   170 |   183 ||   367
       Great sword       |       |       |    76 ||    76
Evoke: Wand              |       |       |     1 ||     1
  Use: Scroll            |       |       |     4 ||     4
       Potion            |       |       |     1 ||     1
Armor: Scale mail        |    27 |     5 |       ||    32
       Ring mail         |       |    53 |    62 ||   115
       Chain mail        |       |       |    34 ||    34
       Skin              |       |       |     3 ||     3
Dodge: Dodged            |    29 |    71 |   112 ||   212
Block: Buckler           |    20 |    41 |    52 ||   113

Levels and vault maps discovered:
D:1:      tarquinn_simple_flora_water_d, layout_basic, serial_corexii_hall,
          corexii_hall_statues_x, corexii_hall_statues_t,
          corexii_hall_statues_deadend, chequers_hall_statues_y
D:2:      layout_rooms, shapermc_ecumenical_altar_rom_forum
D:3:      layout_loops_cross, lemuel_doored_altar, uniq_natasha, uniq_robin
D:4:      layout_basic
D:5:      layout_basic, nemelex_xobeh_ov_fountains_minmay,
          lemuel_zombie_altar_yredelemnul, makhleb_grotto_becter,
          minmay_temple_entry_sparse_star, portal_sewer_entry_f
D:6:      layout_rooms, nicolae_overflow_crystal_walls, serial_aquarium,
          aquarium_bridge_square [aquarium_subvault_bridge,
          aquarium_subvault_balcony, aquarium_subvault_wall,
          aquarium_subvault_balcony], aquarium_window_2, aquarium_window_1,
          aquarium_window_corridor_2, aquarium_window_1, aquarium_view_2a,
          aquarium_view_2c, aquarium_balcony_double_1
D:7:      layout_basic, uniq_maggie
D:8:      layout_rooms, minmay_lindwurm_lava, uniq_gastronok
D:9:      layout_loops_ring, lemuel_crystal_altar,
          lemuel_mausoleum_altar_kikubaaqudgha, lair_entry_dummy,
          glass_columns_b
Temple:   minmay_temple_curvy_loop
Lair:1:   layout_small_grid, basic_altar

Notes
Turn   | Place    | Note
-------+----------+-------------------------------------------
     0 | D:1      | Faeu the Minotaur Fighter began the quest for the Orb.
     0 | D:1      | Reached XP level 1. HP: 19/19 MP: 0/0
     0 | D:1      | magus.rc [v1.9.6]
   434 | D:1      | You pick up a book of Lightning and begin reading...
   434 | D:1      | You add the spells Static Discharge, Lightning Bolt and
                  | Maxwell's Capacitive Coupling to your library.
  1042 | D:2      | Reached XP level 2. HP: 22/27 MP: 1/1
  1214 | D:2      | Reached skill level 1 in Dodging
  1285 | D:2      | Reached skill level 4 in Fighting
  1285 | D:2      | Reached skill level 4 in Armour
  1285 | D:2      | Reached skill level 4 in Shields
  1285 | D:2      | Reached XP level 3. HP: 33/33 MP: 2/2
  1352 | D:2      | Reached skill level 3 in Long Blades
  1485 | D:2      | Found a faded altar of an unknown god.
  1490 | D:2      | Got Plato's Incunabulum of the Voyage
  1839 | D:3      | Identified the +2 dagger of Patifan {vorpal, rF- Dex+7}
  1964 | D:3      | Noticed Natasha
  1974 | D:3      | Killed Natasha
  1975 | D:3      | Reached XP level 4. HP: 22/40 MP: 3/3
  2246 | D:3      | Found a blossoming altar of Fedhas.
  2302 | D:3      | Reached skill level 2 in Dodging
  2452 | D:3      | Identified the +1 ring mail "Maymidwi" {Harm rF+ Str+3}
  2599 | D:3      | Identified the -2 helmet "Kixock" {rN+ Will+}
  2599 | D:3      | Noticed Robin
  2621 | D:3      | Killed Robin
  2622 | D:3      | Reached XP level 5. HP: 26/47 MP: 4/4
  3402 | D:4      | Noticed an ogre
  3559 | D:4      | Killed an ogre
  3560 | D:4      | Reached skill level 5 in Fighting
  3560 | D:4      | Reached skill level 4 in Long Blades
  3560 | D:4      | Reached skill level 5 in Armour
  3560 | D:4      | Reached skill level 5 in Shields
  3560 | D:4      | Reached XP level 6. HP: 56/56 MP: 5/5
  3729 | D:5      | Entered Level 5 of the Dungeon
  3785 | D:5      | Found a staircase to the Ecumenical Temple.
  3877 | D:5      | Found a glowing drain.
  3897 | Sewer    | Entered a sewer
  4332 | D:5      | You add the spells Starburst and Fire Storm to your
                  | library.
  4332 | D:5      | Got Vehumet's Compendium of Gliding Attacks
  4364 | D:5      | HP: 14/56 [gnoll/+0 spear (2)]
  4373 | D:5      | HP: 2/56 [gnoll/+0 spear (8)]
  4374 | Temple   | Entered the Ecumenical Temple
  4923 | D:5      | Reached XP level 7. HP: 61/61 MP: 6/6
  5015 | D:5      | Found a sparkling altar of Nemelex Xobeh.
  5151 | Temple   | Became a worshipper of Hepliaklqana the Forgotten
  5317 | D:5      | Found a basalt altar of Yredelemnul.
  5432 | D:5      | Found a burning altar of Makhleb.
  5488 | D:6      | Reached skill level 6 in Fighting
  5488 | D:6      | Reached skill level 5 in Long Blades
  5488 | D:6      | Reached skill level 6 in Armour
  5488 | D:6      | Reached skill level 6 in Shields
  6160 | D:6      | Found a snail-covered altar of Cheibriados.
  6340 | D:6      | Reached XP level 8. HP: 62/71 MP: 7/7
  6844 | D:7      | Noticed Maggie
  6866 | D:7      | Killed Maggie
  6867 | D:7      | Reached skill level 7 in Fighting
  6867 | D:7      | Reached skill level 6 in Long Blades
  6950 | D:7      | Reached skill level 7 in Armour
  6950 | D:7      | Reached skill level 7 in Shields
  7502 | D:7      | You pick up a book of the Hunter and begin reading...
  7502 | D:7      | You add the spells Call Canine Familiar, Portal Projectile
                  | and Leda's Liquefaction to your library.
  7833 | D:7      | magus.rc [v1.9.6]
  7860 | D:7      | Reached skill level 7 in Long Blades
  7886 | D:7      | Reached XP level 9. HP: 65/81 MP: 8/8
  8129 | D:7      | You pick up a book of Flames and begin reading...
  8129 | D:7      | You add the spells Foxfire, Conjure Flame, Inner Flame and
                  | Flame Wave to your library.
  8267 | D:7      | Reached skill level 8 in Fighting
  8309 | D:8      | Reached skill level 8 in Armour
  8360 | D:8      | Noticed a lindwurm
  8411 | D:8      | Noticed Gastronok
  8445 | D:9      | Reached * piety under Hepliaklqana
  8557 | D:9      | Found a staircase to the Lair.
  8578 | D:9      | Reached skill level 8 in Long Blades
  8825 | D:9      | Reached skill level 9 in Fighting
  8825 | D:9      | Reached skill level 9 in Armour
  8837 | D:9      | Found an ancient bone altar of Kikubaaqudgha.
  9099 | Lair:1   | Entered Level 1 of the Lair of Beasts
  9277 | D:9      | Found an opulent altar of Gozag.
  9512 | D:9      | Reached skill level 9 in Long Blades
  9526 | D:9      | HP: 18/75 [poisoned by a killer bee]
  9529 | D:9      | HP: 7/75 [poisoned by a killer bee]
  9534 | D:9      | HP: 3/75 [poisoned by a killer bee]
  9538 | D:9      | Slain by a killer bee

Vanquished Creatures
  Maggie (D:7)
  A meliai zombie (D:6)
  A shadow (D:9)
  A wyvern (D:7)
  A steam dragon (D:8)
  An orc warrior (D:7)
  A black bear (D:7)
  3 necrophages
  2 ogres
  A centaur (D:9)
  A bullfrog (D:9)
  3 kobold brigands
  A gnoll sergeant (D:6)
  A water moccasin skeleton (D:6)
  11 wights
  3 howler monkeys (D:8)
  A crimson imp (D:5)
  5 centaur zombies
  A bullfrog zombie (D:5)
  A human zombie (D:9)
  3 bullfrog skeletons
  A jelly (D:5)
  A gnoll shaman (D:4)
  2 centaur skeletons
  Natasha (D:3)
  An orc wizard (D:3)
  A killer bee zombie (D:5)
  3 mummies (D:9)
  Robin (D:3)
  A howler monkey zombie (D:9)
  7 adders
  12 gnolls
  A river rat (Sewer)
  3 shadow imps
  3 white imps
  An ufetubus (D:5)
  2 worms
  2 dart slugs
  15 orcs
  7 ball pythons
  7 endoplasms
  8 giant cockroaches
  11 goblins
  7 hobgoblins
  9 kobolds
  A quokka (D:5)
  A bat (D:3)
  6 frilled lizards
  16 rats
175 creatures vanquished.

Vanquished Creatures (collateral kills)
  A killer bee (D:9)
  A wight (D:9)
  A howler monkey zombie (D:9)
  A kobold (D:9)
4 creatures vanquished.

Vanquished Creatures (others)
  An ancestor (D:9)
  16 fungi
  3 plants (Lair:1)
20 creatures vanquished.

Grand Total: 199 creatures vanquished

Table legend:
 A = Non-vault XP
 B = Vault XP
 C = Vault XP percentage of total XP
 D = Non-vault monster count
 E = Vault monster count
 F = Vault count percentage of total count
                 A         B        C        D         E       F
            +---------+---------+-------+---------+---------+-------
      Total |    3862 |    1237 |  24.3 |     125 |      54 |  30.2
            +---------+---------+-------+---------+---------+-------
        D:1 |      11 |       0 |   0.0 |       7 |       0 |   0.0
        D:2 |      63 |       0 |   0.0 |      15 |       0 |   0.0
        D:3 |     132 |      72 |  35.3 |      24 |      12 |  33.3
        D:4 |     192 |       0 |   0.0 |       7 |       0 |   0.0
        D:5 |     216 |     137 |  38.8 |      12 |       9 |  42.9
        D:6 |     694 |       0 |   0.0 |      14 |       0 |   0.0
        D:7 |    1079 |     395 |  26.8 |      21 |       1 |   4.5
        D:8 |     412 |       0 |   0.0 |       6 |       0 |   0.0
        D:9 |    1036 |     576 |  35.7 |      17 |      12 |  41.4
     Temple |      27 |       0 |   0.0 |       2 |       0 |   0.0
      Sewer |       0 |      57 | 100.0 |       0 |      20 | 100.0
            +---------+---------+-------+---------+---------+-------

Illustrated notes

Table legend:
 A = Kills in this place as a percentage of kills in entire the game.
 B = Kills by you in this place as a percentage of kills by you in the entire game.
 C = Kills by friends in this place as a percentage of kills by friends in the entire game.
 D = Other kills in this place as a percentage of other kills in the entire game.
 E = Experience gained in this place as a percentage of experience gained in the entire game.
 F = Experience gained in this place divided by the number of levels of this place that you have seen.
                   A       B       C       D       E      F
               +-------+-------+-------+-------+-------+----------------------
         Total | 100.0 | 100.0 | 100.0 |   N/A | 100.0 | 424.9
       Dungeon |  87.7 |  87.4 | 100.0 |   N/A |  98.4 | 557.2
        Temple |   1.1 |   1.1 |   0.0 |   N/A |   0.5 |  27.0
         Sewer |  11.2 |  11.4 |   0.0 |   N/A |   1.1 |  57.0
               +-------+-------+-------+-------+-------+----------------------

Table legend: (Time is in decaauts)
 A = Elapsed time spent in this place.
 B = Non-inter-level travel time spent in this place.
 C = Inter-level travel time spent in this place.
 D = Time resting spent in this place.
 E = Time spent auto-exploring this place.
 F = Levels seen in this place.
 G = Mean time per level.
                   A        B        C        D        E       F      G
               +--------+--------+--------+--------+--------+-----+--------+
         Total |   9597 |   9422 |    175 |   2268 |   4440 |  12 |  799.8 |
       Dungeon |   8409 |   8234 |    175 |   1626 |   4129 |   9 |  934.3 |
        Temple |    668 |    668 |      0 |    519 |    114 |   1 |  668.0 |
          Lair |    124 |    124 |      0 |    123 |      0 |   1 |  124.0 |
         Sewer |    395 |    395 |      0 |      0 |    196 |   1 |  395.0 |
               +--------+--------+--------+--------+--------+-----+--------+

Top non-repeatable levels by time:
     D:6: 1539 daAuts
     D:3: 1375 daAuts
     D:7: 1104 daAuts
     D:1: 1020 daAuts
     D:9: 997 daAuts
     D:5: 885 daAuts
     D:2: 812 daAuts
  Temple: 668 daAuts
     D:4: 534 daAuts
   Sewer: 395 daAuts
     D:8: 140 daAuts
  Lair:1: 124 daAuts
